General information
- name: BNet
- type: Ladder team game (AT/RT)
- host: Battle.net
- saver: BIRTHDAYWC3
map: MarketSquare
- players: 8
- length: 53:21
- speed: Fast
- version: 1.26 W3XP
- replay type: Public
» download(344 KB)
Players
team 1 (loser)

»
migos (
yellow | 29 APM | 1470 actions | 50:55)
5 Goblin Tinker
2 Pocket Factory
3 Engineering Upgrade
» actions
| Build / train | 56 | |
| Enter build submenu | 16 | |
| Enter hero's abilities submenu | 6 | |
| Give item / drop item | 2 | |
| Remove unit from queue | 9 | |
| Right click | 718 | |
| Select / deselect | 623 | |
| Use ability | 40 | |
1470 total
» units
| Wisp | 12 | |
| Archer | 19 | |
| Rogue | 1 | |
| Assassin | 1 | |
| Dryad | -5 | |
28 total
» upgrades
| Strength of the Moon | 1 | |
| Moon Armor | 1 | |
| Strength of the Wild | 2 | |
| Ultravision | 1 | |
| Improved Bows | 1 | |
6 total
» buildings
| Ancient of War | 1 | |
| Moon Well | 9 | |
| Altar of Elders | 2 | |
| Hunter's Hall | 1 | |
| Tree of Ages | 1 | |
| Ancient of Wonders | 1 | |
| Tree of Eternity | 1 | |
| Ancient of Lore | 2 | |
18 total
» build order
00:17 Ancient of War
00:30 Moon Well
01:16 Altar of Elders
01:50 Moon Well
04:50 Hunter's Hall
04:56 Moon Well
06:27 Tree of Ages
06:29 Moon Well
07:15 Ancient of Wonders
07:25 Moon Well
09:59 Tree of Eternity
10:11 Ancient of Lore
10:18 Ancient of Lore
11:26 Moon Well
15:39 Moon Well
15:41 Moon Well
15:46 Altar of Elders
15:55 Moon Well
» items
| Scroll of Town Portal | 2 | |
| Orb of Venom | 1 | |
| Potion of Healing | 1 | |
| Potion of Mana | 1 | |
5 total

»
One-Man-Team (
red | 48 APM | 2305 actions | 47:49)
8 Paladin
3 Holy Light
3 Divine Shield
1 Devotion Aura
1 Resurrection
» actions
| Assign group hotkey | 644 | |
| Basic commands | 1 | |
| Build / train | 78 | |
| Enter build submenu | 25 | |
| Enter hero's abilities submenu | 9 | |
| Remove unit from queue | 1 | |
| Right click | 967 | |
| Select / deselect | 329 | |
| Select group hotkey | 147 | |
| Use ability | 104 | |
2305 total
» units
» upgrades
| Gunpowder | 1 | |
| Masonry | 2 | |
| Armor | 1 | |
| Lumber Harvesting | 1 | |
| Long Rifles | 1 | |
6 total
» buildings
| Farm | 10 | |
| Blacksmith | 1 | |
| Barracks | 2 | |
| Altar of Kings | 1 | |
| Scout Tower | 9 | |
| Arcane Tower | 1 | |
| Arcane Vault | 1 | |
| Town Hall | 1 | |
| Lumber Mill | 1 | |
| Guard Tower | 1 | |
| Keep | 1 | |
| Castle | 0 | |
29 total
» build order
00:18 Farm
01:01 Blacksmith
01:25 Farm
01:37 Barracks
01:42 Altar of Kings
01:49 Farm
02:12 Scout Tower
02:42 Barracks
02:59 Arcane Tower
03:03 Farm
03:42 Farm
04:47 Arcane Vault
06:02 Town Hall
06:22 Farm
07:06 Scout Tower
07:10 Scout Tower
07:14 Scout Tower
07:23 Lumber Mill
08:06 Scout Tower
08:08 Scout Tower
08:09 Scout Tower
08:14 Scout Tower
09:14 Guard Tower
09:16 Keep
09:41 Farm
09:43 Farm
09:47 Farm
09:48 Farm
12:03 Castle
21:30 Scout Tower
» items
| Scroll of Regeneration | 4 | |
| Scroll of Town Portal | 4 | |
| Potion of Mana | 1 | |
| Potion of Healing | 1 | |
| Staff of Teleportation | 1 | |
| Potion of Invisibility | 1 | |
| Boots of Speed | 1 | |
13 total
Hollywood.Hogan (
orange | 80 APM | 4290 actions | 53:21)
10 Blood Mage
3 Flame Strike
3 Siphon Mana
1 Summon Phoenix
3 Banish
» actions
| Assign group hotkey | 64 | |
| Basic commands | 105 | |
| Build / train | 134 | |
| Enter build submenu | 59 | |
| Enter hero's abilities submenu | 10 | |
| Give item / drop item | 5 | |
| Remove unit from queue | 3 | |
| Right click | 1503 | |
| Select / deselect | 556 | |
| Select group hotkey | 1535 | |
| Use ability | 316 | |
4290 total
» units
| Peasant | 39 | |
| Footman | 4 | |
| Sorceress | 2 | |
| Gryphon Rider | 5 | |
| Dragonhawk Rider | 14 | |
64 total
» upgrades
| Lumber Harvesting | 2 | |
| Sorceress Training | 1 | |
| Magic Sentry | 1 | |
| Masonry | 3 | |
| Swords | 3 | |
| Armor | 4 | |
| Animal War Training | 1 | |
| Storm Hammers | 1 | |
| Cloud | 1 | |
17 total
» buildings
| Altar of Kings | 1 | |
| Barracks | 1 | |
| Farm | 12 | |
| Arcane Vault | 1 | |
| Keep | 1 | |
| Lumber Mill | 1 | |
| Scout Tower | 33 | |
| Town Hall | 8 | |
| Arcane Tower | 2 | |
| Guard Tower | 7 | |
| Arcane Sanctum | 1 | |
| Castle | 1 | |
| Gryphon Aviary | 3 | |
| Blacksmith | 2 | |
74 total
» build order
00:22 Altar of Kings
00:27 Barracks
00:35 Farm
01:03 Farm
01:42 Farm
02:29 Farm
03:01 Arcane Vault
03:33 Keep
04:14 Lumber Mill
04:23 Scout Tower
05:33 Town Hall
05:36 Scout Tower
05:36 Scout Tower
05:37 Scout Tower
05:37 Scout Tower
05:40 Scout Tower
05:41 Scout Tower
05:43 Scout Tower
05:44 Scout Tower
05:49 Arcane Tower
06:15 Guard Tower
06:22 Scout Tower
06:25 Scout Tower
06:26 Scout Tower
06:32 Scout Tower
06:33 Scout Tower
06:37 Scout Tower
06:41 Arcane Sanctum
06:44 Guard Tower
07:09 Guard Tower
08:07 Guard Tower
08:46 Guard Tower
11:41 Castle
11:43 Scout Tower
11:44 Scout Tower
11:45 Scout Tower
12:42 Guard Tower
13:37 Scout Tower
13:37 Scout Tower
13:39 Scout Tower
13:40 Scout Tower
13:40 Scout Tower
13:56 Scout Tower
14:10 Scout Tower
14:12 Scout Tower
14:14 Scout Tower
14:16 Scout Tower
14:18 Scout Tower
14:24 Arcane Tower
17:51 Guard Tower
20:20 Gryphon Aviary
20:20 Gryphon Aviary
20:22 Gryphon Aviary
20:41 Farm
20:41 Farm
20:42 Farm
22:02 Farm
22:04 Farm
22:07 Farm
22:30 Farm
22:31 Farm
22:35 Blacksmith
22:38 Blacksmith
24:54 Scout Tower
24:54 Scout Tower
24:55 Scout Tower
24:55 Scout Tower
25:00 Town Hall
25:26 Guard Tower
36:33 Town Hall
39:13 Town Hall
43:38 Town Hall
47:02 Town Hall
47:08 Town Hall
49:35 Town Hall
» items
| Scroll of Regeneration | 7 | |
| Potion of Invisibility | 5 | |
| Boots of Speed | 1 | |
| Staff of Teleportation | 1 | |
| Potion of Healing | 2 | |
| Potion of Mana | 1 | |
| Lesser Clarity Potion | 1 | |
| Scroll of Town Portal | 7 | |
| Potion of Lesser Invulnerability | 1 | |
| Dust of Appearance | 1 | |
27 total
stick-of-truth. (
green | 59 APM | 3138 actions | 53:21)
8 Blood Mage
3 Banish
3 Flame Strike
1 Summon Phoenix
1 Siphon Mana
» actions
| Assign group hotkey | 43 | |
| Basic commands | 56 | |
| Build / train | 114 | |
| Enter build submenu | 33 | |
| Enter hero's abilities submenu | 8 | |
| Give item / drop item | 2 | |
| Remove unit from queue | 1 | |
| Right click | 1267 | |
| Select / deselect | 365 | |
| Select group hotkey | 1026 | |
| Use ability | 223 | |
3138 total
» units
| Peasant | 26 | |
| Footman | 4 | |
| Sorceress | 1 | |
| Mortar Team | 7 | |
| Dragonhawk Rider | 7 | |
| Siege Engine | 2 | |
47 total
» upgrades
| Masonry | 3 | |
| Lumber Harvesting | 2 | |
| Sorceress Training | 2 | |
| Gunpowder | 3 | |
| Flare | 1 | |
| Fragmentation Shards | 1 | |
| Barrage | 1 | |
| Magic Sentry | 1 | |
| Cloud | 1 | |
15 total
» buildings
| Altar of Kings | 1 | |
| Barracks | 1 | |
| Farm | 12 | |
| Scout Tower | 28 | |
| Arcane Tower | 2 | |
| Town Hall | 3 | |
| Lumber Mill | 3 | |
| Keep | 1 | |
| Guard Tower | 13 | |
| Arcane Sanctum | 1 | |
| Gryphon Aviary | 2 | |
| Blacksmith | 1 | |
| Castle | 1 | |
| Workshop | 2 | |
| Arcane Vault | 1 | |
72 total
» build order
00:19 Altar of Kings
00:25 Barracks
00:39 Farm
00:53 Farm
01:37 Farm
01:43 Scout Tower
02:14 Arcane Tower
03:01 Farm
04:17 Town Hall
04:19 Lumber Mill
04:23 Lumber Mill
04:25 Scout Tower
04:26 Scout Tower
04:58 Arcane Tower
05:10 Keep
05:25 Guard Tower
05:33 Scout Tower
05:33 Scout Tower
06:00 Guard Tower
06:03 Scout Tower
06:04 Scout Tower
06:20 Guard Tower
06:33 Farm
06:38 Guard Tower
06:53 Guard Tower
07:32 Scout Tower
07:33 Scout Tower
07:47 Scout Tower
07:48 Scout Tower
07:48 Scout Tower
07:49 Scout Tower
08:17 Guard Tower
09:28 Guard Tower
09:37 Lumber Mill
09:44 Arcane Sanctum
10:29 Gryphon Aviary
11:32 Blacksmith
11:39 Scout Tower
11:40 Scout Tower
11:41 Scout Tower
11:41 Scout Tower
12:11 Castle
12:14 Guard Tower
12:50 Workshop
12:52 Guard Tower
13:26 Workshop
14:51 Scout Tower
14:51 Scout Tower
14:52 Scout Tower
15:33 Guard Tower
17:48 Gryphon Aviary
19:43 Farm
19:43 Farm
19:43 Farm
19:44 Farm
19:44 Farm
19:46 Farm
19:46 Farm
20:22 Arcane Vault
24:21 Scout Tower
24:22 Scout Tower
24:22 Scout Tower
24:23 Scout Tower
24:23 Scout Tower
25:12 Guard Tower
25:14 Scout Tower
25:15 Scout Tower
25:15 Scout Tower
25:51 Guard Tower
28:10 Town Hall
37:19 Town Hall
» items
| Staff of Teleportation | 1 | |
| Potion of Invisibility | 7 | |
| Potion of Lesser Invulnerability | 2 | |
| Scroll of Town Portal | 6 | |
| Scroll of Regeneration | 2 | |
| Lesser Clarity Potion | 2 | |
| Potion of Healing | 2 | |
| Potion of Mana | 2 | |
| Orb of Fire | 1 | |
25 total
team 2 (winner)

»
g00b (
pink | 45 APM | 1834 actions | 40:48)
5 Firelord
3 Summon Lava Spawn
2 Soul Burn
5 Paladin
2 Holy Light
2 Devotion Aura
1 Divine Shield
» actions
| Assign group hotkey | 31 | |
| Basic commands | 254 | |
| Build / train | 118 | |
| ESC pressed | 1 | |
| Enter build submenu | 30 | |
| Enter hero's abilities submenu | 10 | |
| Give item / drop item | 2 | |
| Remove unit from queue | 18 | |
| Right click | 471 | |
| Select / deselect | 543 | |
| Select group hotkey | 275 | |
| Use ability | 81 | |
1834 total
» units
| Peasant | 48 | |
| Footman | 3 | |
| Siege Engine | 12 | |
63 total
» upgrades
| Defend | 1 | |
| Masonry | 1 | |
| Plating | 3 | |
| Barrage | 1 | |
| Gunpowder | 2 | |
8 total
» buildings
| Farm | 11 | |
| Altar of Kings | 1 | |
| Lumber Mill | 1 | |
| Barracks | 2 | |
| Blacksmith | 1 | |
| Keep | 1 | |
| Castle | 1 | |
| Arcane Vault | 1 | |
| Workshop | 3 | |
| Guard Tower | 4 | |
| Arcane Tower | 1 | |
| Town Hall | 5 | |
| Scout Tower | 4 | |
36 total
» build order
01:07 Farm
01:50 Farm
01:53 Altar of Kings
02:14 Lumber Mill
02:18 Barracks
02:22 Barracks
02:28 Farm
02:37 Blacksmith
03:20 Keep
04:04 Farm
04:06 Farm
06:08 Castle
06:35 Arcane Vault
06:48 Workshop
06:51 Workshop
06:54 Workshop
07:23 Farm
07:25 Farm
08:52 Farm
08:57 Farm
10:42 Farm
10:43 Farm
19:29 Guard Tower
19:31 Guard Tower
19:33 Guard Tower
20:15 Guard Tower
20:29 Arcane Tower
22:20 Town Hall
23:20 Scout Tower
23:24 Scout Tower
23:27 Scout Tower
23:28 Scout Tower
24:26 Arcane Tower
24:27 Guard Tower
24:29 Guard Tower
24:36 Guard Tower
34:34 Town Hall
34:45 Town Hall
35:13 Town Hall
35:18 Town Hall
» items
| Scroll of Regeneration | 1 | |
| Ivory Tower | 6 | |
| Scroll of Town Portal | 3 | |
10 total

»
krom86 (
teal | 30 APM | 1583 actions | 53:21)
6 Archmage
3 Summon Water Elemental
2 Brilliance Aura
1 Mass Teleport
1 Lich
1 Frost Armor
» actions
| Assign group hotkey | 106 | |
| Basic commands | 1 | |
| Build / train | 87 | |
| Enter build submenu | 27 | |
| Enter hero's abilities submenu | 7 | |
| Right click | 738 | |
| Select / deselect | 279 | |
| Select group hotkey | 253 | |
| Use ability | 85 | |
1583 total
» units
| Peasant | 25 | |
| Footman | 9 | |
| Gryphon Rider | 13 | |
| Dragonhawk Rider | 7 | |
54 total
» upgrades
| Masonry | 1 | |
| Defend | 1 | |
| Swords | 3 | |
| Armor | 3 | |
| Storm Hammers | 1 | |
| Animal War Training | 1 | |
| Cloud | 1 | |
11 total
» buildings
| Altar of Kings | 1 | |
| Scout Tower | 6 | |
| Lumber Mill | 1 | |
| Farm | 11 | |
| Arcane Tower | 2 | |
| Barracks | 1 | |
| Guard Tower | 3 | |
| Keep | 1 | |
| Arcane Vault | 1 | |
| Gryphon Aviary | 2 | |
| Blacksmith | 1 | |
| Castle | 1 | |
| Town Hall | 1 | |
32 total
» build order
00:49 Altar of Kings
00:53 Scout Tower
01:00 Scout Tower
01:07 Lumber Mill
01:23 Farm
01:25 Arcane Tower
01:32 Farm
02:08 Barracks
02:15 Scout Tower
02:18 Scout Tower
02:53 Guard Tower
02:58 Guard Tower
03:16 Farm
03:55 Farm
04:21 Keep
04:51 Arcane Vault
07:32 Gryphon Aviary
07:41 Gryphon Aviary
07:52 Blacksmith
08:59 Castle
10:38 Farm
10:40 Farm
11:32 Farm
11:34 Farm
12:37 Farm
12:40 Farm
13:23 Farm
19:34 Scout Tower
20:03 Arcane Tower
20:06 Scout Tower
21:13 Guard Tower
34:32 Town Hall
» items
| Scroll of Regeneration | 4 | |
| Potion of Healing | 1 | |
| Boots of Speed | 1 | |
| Potion of Lesser Invulnerability | 1 | |
7 total
BIRTHDAYWC3 (
purple | 87 APM | 4650 actions | 53:21)
9 Archmage
3 Summon Water Elemental
3 Brilliance Aura
2 Blizzard
1 Mass Teleport
» actions
| Assign group hotkey | 141 | |
| Basic commands | 325 | |
| Build / train | 223 | |
| ESC pressed | 7 | |
| Enter build submenu | 61 | |
| Enter hero's abilities submenu | 11 | |
| Give item / drop item | 5 | |
| Right click | 1565 | |
| Select / deselect | 515 | |
| Select group hotkey | 1455 | |
| Use ability | 342 | |
4650 total
» units
| Peasant | 22 | |
| Footman | 11 | |
| Assassin | 1 | |
| Sorceress | 2 | |
| Gryphon Rider | 8 | |
| Dragonhawk Rider | 1 | |
45 total
» upgrades
| Swords | 3 | |
| Masonry | 3 | |
| Sorceress Training | 2 | |
| Lumber Harvesting | 2 | |
| Armor | 3 | |
| Animal War Training | 1 | |
| Storm Hammers | 1 | |
| Cloud | 1 | |
| Priest Training | 2 | |
| Plating | 3 | |
| Gunpowder | 3 | |
| Control Magic | 1 | |
| Magic Sentry | 1 | |
| Defend | 1 | |
27 total
» buildings
| Altar of Kings | 1 | |
| Barracks | 1 | |
| Farm | 8 | |
| Arcane Vault | 1 | |
| Blacksmith | 1 | |
| Lumber Mill | 1 | |
| Town Hall | 4 | |
| Keep | 3 | |
| Scout Tower | 33 | |
| Guard Tower | 66 | |
| Castle | 3 | |
| Arcane Sanctum | 1 | |
| Gryphon Aviary | 8 | |
| Arcane Tower | 3 | |
134 total
» build order
00:55 Altar of Kings
00:57 Barracks
00:59 Farm
01:13 Farm
01:19 Farm
02:10 Arcane Vault
02:13 Farm
02:57 Blacksmith
04:09 Lumber Mill
04:23 Town Hall
05:18 Keep
05:18 Keep
05:46 Scout Tower
05:48 Scout Tower
05:49 Scout Tower
05:49 Scout Tower
06:19 Guard Tower
06:19 Guard Tower
07:12 Guard Tower
07:13 Guard Tower
07:57 Castle
07:58 Castle
07:59 Arcane Sanctum
08:05 Gryphon Aviary
08:05 Gryphon Aviary
09:04 Town Hall
09:08 Scout Tower
09:09 Scout Tower
09:10 Scout Tower
09:11 Scout Tower
09:11 Scout Tower
09:12 Scout Tower
09:12 Scout Tower
09:13 Scout Tower
09:14 Scout Tower
09:14 Scout Tower
10:47 Guard Tower
10:48 Guard Tower
10:48 Guard Tower
11:02 Guard Tower
11:02 Guard Tower
11:02 Guard Tower
11:03 Guard Tower
11:03 Guard Tower
11:03 Guard Tower
11:03 Guard Tower
11:05 Guard Tower
11:21 Guard Tower
11:21 Guard Tower
11:46 Scout Tower
11:47 Scout Tower
11:48 Scout Tower
11:50 Scout Tower
11:53 Scout Tower
12:01 Scout Tower
12:02 Scout Tower
12:11 Scout Tower
12:39 Guard Tower
13:03 Guard Tower
13:54 Guard Tower
14:09 Guard Tower
14:11 Guard Tower
14:12 Guard Tower
14:12 Guard Tower
14:22 Guard Tower
14:22 Guard Tower
14:31 Guard Tower
20:37 Gryphon Aviary
20:42 Gryphon Aviary
21:03 Scout Tower
21:05 Scout Tower
21:06 Scout Tower
21:08 Scout Tower
21:09 Scout Tower
22:03 Guard Tower
22:03 Guard Tower
22:04 Guard Tower
22:20 Guard Tower
22:20 Guard Tower
22:27 Guard Tower
22:27 Guard Tower
22:27 Guard Tower
22:30 Guard Tower
23:49 Farm
23:50 Farm
23:51 Farm
23:53 Scout Tower
24:40 Farm
24:42 Scout Tower
26:05 Guard Tower
28:47 Gryphon Aviary
28:48 Gryphon Aviary
28:49 Gryphon Aviary
28:50 Gryphon Aviary
31:12 Town Hall
31:25 Scout Tower
31:26 Scout Tower
31:28 Scout Tower
31:30 Scout Tower
31:34 Town Hall
32:05 Guard Tower
32:06 Guard Tower
32:06 Guard Tower
32:12 Arcane Tower
32:12 Arcane Tower
32:24 Guard Tower
32:24 Guard Tower
32:24 Guard Tower
» items
| Scroll of Regeneration | 12 | |
| Staff of Teleportation | 1 | |
| Boots of Speed | 1 | |
| Tome of Retraining | 2 | |
| Lesser Clarity Potion | 5 | |
| Potion of Healing | 4 | |
| Scroll of Town Portal | 1 | |
| Potion of Invisibility | 1 | |
27 total
Sonata (
blue | 96 APM | 3655 actions | 38:02)
5 Death Knight
3 Death Coil
2 Unholy Aura
2 Lich
2 Frost Nova
» actions
| Assign group hotkey | 1941 | |
| Basic commands | 1 | |
| Build / train | 118 | |
| Enter build submenu | 23 | |
| Enter hero's abilities submenu | 7 | |
| Give item / drop item | 2 | |
| Remove unit from queue | 1 | |
| Right click | 886 | |
| Select / deselect | 301 | |
| Select group hotkey | 257 | |
| Use ability | 118 | |
3655 total
» units
| Acolyte | 46 | |
| Ghoul | 8 | |
| Crypt Fiend | 17 | |
| Frost Wyrm | 7 | |
| Gargoyle | 4 | |
82 total
» upgrades
| Creature Carapace | 2 | |
| Creature Attack | 2 | |
| Freezing Breath | 1 | |
5 total
» buildings
| Graveyard | 1 | |
| Crypt | 1 | |
| Ziggurat | 8 | |
| Altar of Darkness | 1 | |
| Tomb of Relics | 1 | |
| Halls of the Dead | 3 | |
| Spirit Tower | 2 | |
| Nerubian Tower | 4 | |
| Necropolis | 1 | |
| Black Citadel | 1 | |
| Sacrificial Pit | 1 | |
| Boneyard | 3 | |
27 total
» build order
00:09 Graveyard
00:11 Crypt
00:40 Ziggurat
00:59 Altar of Darkness
01:38 Tomb of Relics
01:52 Ziggurat
04:42 Halls of the Dead
05:20 Ziggurat
05:23 Ziggurat
06:12 Ziggurat
06:13 Spirit Tower
06:15 Spirit Tower
08:04 Nerubian Tower
08:11 Necropolis
08:15 Ziggurat
08:17 Ziggurat
08:34 Black Citadel
08:47 Sacrificial Pit
08:52 Ziggurat
13:25 Nerubian Tower
14:54 Boneyard
15:00 Boneyard
15:04 Boneyard
16:16 Nerubian Tower
16:18 Nerubian Tower
34:31 Halls of the Dead
» items
| Rod of Necromancy | 1 | |
| Sacrificial Skull | 1 | |
| Scroll of Town Portal | 4 | |
| Orb of Corruption | 1 | |
| Scroll of Healing | 1 | |
8 total
Chat log
(00:09 / All) BIRTHDAYWC3: IT'S MY BIRTHDAY WOOOOOOOOO
(00:13 / All) BIRTHDAYWC3: EVERYONE WISH ME A HAPPY BIRTHDAY
(00:14 / Allies) Sonata: nice
(00:15 / All) g00b: happy bday!
(00:15 / All) BIRTHDAYWC3: I COMMAND ALL YE
(00:18 / Allies) Sonata: happy bday lol
(00:27 / All) One-Man-Team: happy b-day
(00:31 / All) BIRTHDAYWC3: Thank you friends and comrades blue, pink, and red
(00:45 / All) g00b: it is an honor to be your comrade
(00:48 / Allies) Sonata: xD
(01:14 / Allies) Sonata: three human
(01:19 / Allies) Sonata: one go tank thatd be nice?
(01:28 / Allies) g00b: i can get w/e
(01:30 / Allies) Sonata: k
(01:45 / Allies) g00b: i don't love going tanks but i an if you all get other stuff
(01:57 / Allies) Sonata: they are clunky but deadly
(01:58 / Allies) BIRTHDAYWC3: I hate tanks since they're clunky and a mess to work with
(02:02 / Allies) Sonata: lol
(02:02 / Allies) BIRTHDAYWC3: yeah
(02:04 / Allies) g00b: ya me too lol
(02:17 / Allies) Sonata: have to admit though
(02:19 / Allies) Sonata: they can make it or break it
(02:21 / Allies) Sonata: ^^
(02:31 / Allies) g00b: ya
(02:32 / Allies) BIRTHDAYWC3: they mow down buildings ridiculously quick
(05:53 / Allies) Sonata: anything?
(05:57 / Allies) Sonata: k
(06:11 / Allies) g00b: what am i getting?
(06:20 / Allies) Sonata: dunno but
(06:22 / Allies) Sonata: one of you get tank
(06:29 / Allies) g00b: i will lol
(07:24 / Allies) Sonata: damn
(07:27 / Allies) Sonata: tough exe to kill
(08:26 / Allies) Sonata: lumber ?
(08:29 / Allies) Sonata: if anyone got
(08:35 / Allies) Sonata: cool ty
(09:03 / Allies) Sonata: fuck
(09:05 / Allies) Sonata: fuckin blood mage
(09:07 / Allies) Sonata: god damn
(09:13 / Allies) Sonata: da fuck
(09:15 / Allies) Sonata: 2 of em
(09:16 / Allies) Sonata: -_-
(09:19 / All) stick-of-truth.: where ur acos standoff boy
(09:37 / Allies) Sonata: fuckin hell
(09:39 / Allies) Sonata: 2 invi blood mage
(09:45 / Allies) Sonata: kill my expo and
(09:47 / All) Hollywood.Hogan: HAHAHA FAGGOT
(09:48 / Allies) Sonata: main
(09:53 / Allies) Sonata: gold mine
(09:55 / Allies) Sonata: -_-
(10:12 / Allies) Sonata: fuck ;/
(10:50 / Allies) BIRTHDAYWC3: wood
(10:57 / Allies) BIRTHDAYWC3: ty
(11:00 / All) Hollywood.Hogan: lull
(11:07 / All) Sonata: nice invi potion
(11:07 / All) Sonata: lol
(11:21 / All) Sonata: cheap move
(11:22 / All) Sonata: ^^
(11:30 / All) Hollywood.Hogan: Make another expansion
(12:01 / All) Hollywood.Hogan: go ahead and haunt hte mmine again
(12:03 / Allies) Sonata: im fucked
(12:04 / Allies) Sonata: lol
(12:09 / Allies) Sonata: lol
(12:11 / Allies) Sonata: and exe
(14:20 / Allies) Sonata: could i have a bit of gold purp
(14:22 / Allies) Sonata: if you dont mind
(14:29 / Allies) Sonata: cool
(14:29 / Allies) Sonata: ty
(14:32 / Allies) BIRTHDAYWC3: np
(14:38 / Allies) Sonata: build a bit of unit though
(14:39 / Allies) Sonata: if you can
(14:47 / Allies) BIRTHDAYWC3: yeah I was going to after I harvested more wood
(14:54 / Allies) BIRTHDAYWC3: unless you got spare
(14:58 / Allies) Sonata: k
(14:59 / Allies) Sonata: one min
(15:10 / Allies) BIRTHDAYWC3: ty
(15:10 / Allies) Sonata: there
(15:55 / Allies) Sonata: get cloud
(17:07 / All) BIRTHDAYWC3: I'm raping red with just a hero lol
(17:12 / Allies) Sonata: lol
(17:14 / All) BIRTHDAYWC3: I feel like a dick since he wished me happy birthday
(17:15 / Allies) Sonata: kill mort
(17:16 / All) BIRTHDAYWC3: I apologise
(17:22 / All) One-Man-Team: meh its ok
(17:29 / All) Sonata: lol
(17:37 / All) One-Man-Team: part of the game
(17:42 / All) BIRTHDAYWC3: kk
(17:43 / All) BIRTHDAYWC3: Good sport
(18:15 / Allies) g00b: out
(18:40 / Allies) g00b: gold plz
(18:52 / Allies) g00b: purp can i have a lot more lol
(18:55 / All) Sonata: lol
(20:32 / All) Hollywood.Hogan: How about I get 100 100 army and rape your ass faggot blue?
(20:44 / Allies) g00b: purp has 12 k lol
(20:47 / Allies) g00b: share the love plz
(20:48 / All) Sonata: lol
(20:50 / Allies) BIRTHDAYWC3: yeah and I gave you 1k
(20:53 / Allies) BIRTHDAYWC3: pls get your own income
(21:04 / Allies) g00b: lol
(21:15 / Allies) BIRTHDAYWC3: look at all the gold on the map bro
(21:22 / All) Sonata: good point
(21:26 / Allies) BIRTHDAYWC3: and you say I must give you it?
(21:30 / Allies) BIRTHDAYWC3: it's ripe for the taking bro
(21:50 / Allies) g00b: it's the fucking bm
(21:59 / Allies) BIRTHDAYWC3: it's just a hero bro
(22:06 / Allies) g00b: wood plz
(22:15 / Allies) BIRTHDAYWC3: I need wood too if anyone got spare
(22:17 / Allies) BIRTHDAYWC3: 15k and no wood!
(22:30 / Allies) BIRTHDAYWC3: ty
(22:48 / All) BIRTHDAYWC3: my team is losing to just heroes lol
(23:36 / All) BIRTHDAYWC3: goodbye!
(23:37 / All) stick-of-truth.: im lazy as shit
(23:40 / All) g00b: bye yellow
(27:29 / All) BIRTHDAYWC3: kelen's dagger woot
(27:33 / Allies) Sonata: lol
(27:36 / All) migos: had that
(27:38 / All) migos: and mask
(27:47 / All) migos: and rng plus 5 protecton
(27:48 / All) BIRTHDAYWC3: should have given me your mask you didn't do much with it
(27:51 / All) BIRTHDAYWC3: could have harassed red more
(27:55 / All) BIRTHDAYWC3: plus it's my bday
(27:59 / All) migos: fuckn lag klle my hero
(27:59 / All) BIRTHDAYWC3: could be your present to me
(28:05 / Allies) Sonata: jake and for again?
(28:06 / Allies) Sonata: ^^
(28:11 / Allies) BIRTHDAYWC3: ?
(28:14 / Allies) BIRTHDAYWC3: who is jake?
(28:18 / Allies) Sonata: didnt have to be a dick
(28:22 / Allies) Sonata: i didnt even put anything bad lol
(28:36 / Allies) BIRTHDAYWC3: who is jacob?
(29:09 / All) stick-of-truth.: jake fatboy!
(29:11 / All) Hollywood.Hogan: Time to die blue
(29:16 / All) Sonata: ?
(29:26 / All) Sonata: i kno i kno
(29:35 / All) Sonata: you and purp and green kno each other irl
(29:38 / All) Sonata: and love doing it all the time
(29:42 / All) Sonata: but dont mean
(29:45 / All) Sonata: you have to be a dick about it
(29:46 / All) Sonata: lol
(31:16 / All) stick-of-truth.: do u despise me cuz im fat sonata
(31:38 / All) Hollywood.Hogan: Pussy teal and blue
(32:10 / All) BIRTHDAYWC3: MI AMIGOS
(32:11 / All) BIRTHDAYWC3: STOP LAGGING
(33:14 / All) Hollywood.Hogan: thanks for taking the morts out
(34:33 / All) BIRTHDAYWC3: Peasants can harvest lumber while invisible
(34:35 / All) BIRTHDAYWC3: neato
(36:49 / Allies) g00b: they have no gold tho
(36:52 / Allies) BIRTHDAYWC3: I have 30,000 gold :^)
(37:49 / Allies) g00b: where hit>
(37:51 / All) Sonata: nice mh jake and for ^^ dont have to be dick though lol. didnt even talk bad about you . have fun trolling lol
(37:53 / Allies) g00b: you have cloud right?
(38:04 / Allies) krom86: yes
(38:37 / All) BIRTHDAYWC3: WHY CANT YOU MOVE LOL
(38:40 / All) One-Man-Team: rofl
(38:48 / All) BIRTHDAYWC3: invisifootie surround
(38:58 / All) One-Man-Team: ncie
(39:52 / Allies) g00b: i know
(40:26 / All) stick-of-truth.: not 2 shabby
(41:45 / Allies) krom86: you tried to tp to my hero
(41:50 / Allies) BIRTHDAYWC3: ya
(41:53 / Allies) BIRTHDAYWC3: was trying to bring my army
(41:56 / Allies) krom86: thought so
(42:14 / Allies) krom86: one thing though
(42:18 / Allies) BIRTHDAYWC3: ya?
(42:19 / Allies) krom86: you dont have an army
(42:24 / Allies) BIRTHDAYWC3: i have griffinws
(42:28 / Allies) krom86: 4
(42:31 / Allies) BIRTHDAYWC3: ya
(42:33 / Allies) BIRTHDAYWC3: griffins are army
(42:35 / Allies) BIRTHDAYWC3: strong unit
(42:38 / Allies) BIRTHDAYWC3: they are tough bird
(43:25 / All) BIRTHDAYWC3: wtf is that divine shield
(43:25 / All) One-Man-Team: lol
(43:34 / All) One-Man-Team: trying to surroed again
(43:40 / All) One-Man-Team: my pally was dancing
(44:00 / All) One-Man-Team: LOL
(44:11 / All) BIRTHDAYWC3: I can't surround since these niggers ain't doing staffs when I say
(44:29 / All) One-Man-Team: lol
(45:29 / All) BIRTHDAYWC3: Stop being a pussy in those towers
(46:49 / All) One-Man-Team: damn footies
(47:10 / All) stick-of-truth.: i will shoot mortars around my grace
(47:18 / All) BIRTHDAYWC3: fucking bitch]
(47:22 / All) One-Man-Team: yawn
(47:45 / All) One-Man-Team: well gg
(47:53 / All) BIRTHDAYWC3: God dammit
(47:59 / All) BIRTHDAYWC3: I never got to invisisurround him
(48:07 / All) BIRTHDAYWC3: boots of speed are fucking stupid
(48:10 / All) BIRTHDAYWC3: roc was better without them
(49:07 / All) krom86: ugh
(49:52 / All) Hollywood.Hogan: kill my farmes and castle
(49:59 / All) BIRTHDAYWC3: yeah 1 sec doing my base
(50:01 / All) krom86: hes killing himself
(50:58 / All) BIRTHDAYWC3: welp
(51:13 / All) krom86: dont know why they leave
(52:17 / All) krom86: lucky day for green and orange
(52:22 / All) Hollywood.Hogan: lawl
(52:25 / All) BIRTHDAYWC3: yeah now their 0-0 throwaways can be 1-0
(52:28 / All) Hollywood.Hogan: But that';s everyday
(53:17 / All) krom86: so why do you do this anyway?